 Dungeon Crawl Stone Soup version 0.25-a0-781-gc44aebf4fe (webtiles) character file.

Game seed: 5025346217689598673, levelgen mode: deterministic

24 Maedhros the Charlatan (level 3, -9/23 HPs)
             Began as an Octopode Artificer on Apr 16, 2020.
             Mangled by Grinder (10 damage)
             ... on level 3 of the Dungeon.
             The game lasted 00:00:45 (791 turns).

Maedhros the Charlatan (Octopode Artificer)          Turns: 791, Time: 00:00:46

Health: -9/23      AC:  1    Str: 11    XL:     3   Next: 2%
Magic:  5/5        EV: 13    Int: 13    God:
Gold:   25         SH:  0    Dex: 13    Spells: 2/2 levels left

rFire    . . .     SeeInvis .   a - +0 short sword
rCold    . . .     Gourm    .   (no shield)
rNeg     . . .     Faith    .   (helmet restricted)
rPois    .         Spirit   .   (no amulet)
rElec    .         Reflect  .   (no ring)
rCorr    .         Harm     .   (no ring)
MR       .....                  (no ring)
Stlth    +++.......             (no ring)
HPRegen  0.07/turn              (no ring)
MPRegen  0.09/turn              (no ring)
                                (no ring)
                                (no ring)

@: no status effects
A: almost no armour, stealthy swim, amphibious, 8 rings, constrict 8, camouflage
1, gelatinous body 1
a: no special abilities


You were on level 3 of the Dungeon.
You were not hungry.

You visited 1 branch of the dungeon, and saw 3 of its levels.

You collected 25 gold pieces.

Inventory:

Hand Weapons
 a - a +0 short sword (weapon)
Missiles
 j - 2 atropa-tipped darts (quivered)
Armour
 o - a +0 buckler
Jewellery
 e - an uncursed ring of ice
 k - a +5 ring of intelligence {unknown}
Wands
 b - a wand of flame (12)
 c - a wand of enslavement (15)
 d - a wand of random effects (15)
Scrolls
 i - 3 scrolls of identify {unknown}
 m - a scroll of teleportation {unknown}
 n - a scroll of random uselessness {unknown}
Potions
 g - a potion of heal wounds {unknown}
 h - a potion of curing {unknown}
 l - a potion of flight {unknown}
Comestibles
 f - 3 rations


   Skills:
 - Level 1.0 Fighting
 - Level 1.0 Short Blades
 - Level 2.0 Dodging
 + Level 2.5 Stealth
 * Level 2.0 Unarmed Combat
 - Level 3.2 Evocations


You had 2 spell levels left.
You didn't know any spells.
Your spell library was empty.

Dungeon Overview and Level Annotations

Branches:
Dungeon (3/15)

Altars:
Wu Jian

Annotations:
D:3 Grinder


Innate Abilities, Weirdness & Mutations

You cannot wear most types of armour.
You are very stealthy in the water. (Stealth+)
You are amphibious.
You can wear up to eight rings at the same time.
You can use your tentacles to constrict eight enemies at once.
Your skin changes colour to match your surroundings (Stealth+).
Your rubbery body absorbs attacks. (AC +1, EV +1)


Message History

Grinder is moderately wounded.
You constrict Grinder. Grinder hits you!
* * * LOW HITPOINT WARNING * * *
You writhe in agony.
* * * LOW HITPOINT WARNING * * *
Evoke which item? (* to show all) (? for menu, Esc to quit)
Aiming: Throw Flame
Press: ? - help, Shift-Dir - straight line, f/p - Grinder
Aim: Grinder (moderately wounded, constricted by you)
The puff of flame hits Grinder.
Grinder is heavily wounded.
You constrict Grinder. Grinder closely misses you.
Evoke which item? (* to show all) (? for menu, Esc to quit)
Aiming: Throw Flame
Press: ? - help, Shift-Dir - straight line, f/p - Grinder
Aim: Grinder (heavily wounded, constricted by you)
The puff of flame hits Grinder.
Grinder is heavily wounded.
You constrict Grinder. Grinder hits you!
You die...

#.# #.#
#.# #.#
#.###
#.#.# ##
#5.# ..
##@##
#.#...#..#
#..<...#
#.#.$.##
...##.##
### #.#
#.# #+#


You could see Grinder.

Vanquished Creatures
  An ooze (D:2)
  A dart slug (D:1)
  A bat (D:1)
  A giant cockroach (D:1)
  4 goblins (D:1)
  4 hobgoblins
  2 frilled lizards (D:1)
  A kobold (D:1)
  2 rats
17 creatures vanquished.

Notes
Turn   | Place    | Note
-------+----------+-------------------------------------------
     0 | D:1      | Maedhros the Octopode Artificer began the quest for the
                  | Orb.
     0 | D:1      | Reached XP level 1. HP: 13/13 MP: 3/3
    27 | D:1      | Reached skill level 1 in Unarmed Combat
    33 | D:1      | Reached XP level 2. HP: 5/18 MP: 4/4
   656 | D:2      | Found an ornate altar of the Wu Jian Council.
   721 | D:2      | Reached XP level 3. HP: 23/23 MP: 5/5
   785 | D:3      | Noticed Grinder
   789 | D:3      | HP: 1/23 [Grinder (4)]
   791 | D:3      | Mangled by Grinder

Levels and vault maps discovered:
D:1:      nicolae_arrival_somewhat_less_tricky_arrival, layout_loops_ring,
          serial_forest, infiniplex_forest_clump_C, infiniplex_forest_lined_1,
          infiniplex_forest_clump_C, infiniplex_forest_straight_2,
          infiniplex_forest_clump_curved, infiniplex_forest_clump_double,
          infiniplex_forest_end_1
D:2:      layout_basic, lemuel_round_altar, serial_corexii_hall,
          corexii_hall_statues_x, chequers_hall_statues_y,
          chequers_hall_statues_y, corexii_hall_statues_i, first_ration,
          kennysheep_generic_room_7
D:3:      layout_loops_corners, minmay_crystal_room, uniq_grinder, uniq_sigmund

Skill      XL: |  1  2 |
---------------+-------+-----
Unarmed Combat | 1 2 |  2.0
Stealth        | 2 |  2.5
Fighting       | |  1.0
Short Blades   | |  1.0
Dodging        | |  2.0
Evocations     | |  3.2

Action                   || total
-------------------------++-------
Melee: Short sword       ||    46
       Constrict         ||    12
       Tentacles         ||     5
Evoke: Wand              ||     3
 Stab: Sleeping          ||     1
Armor: Skin              ||     1
Dodge: Dodged            ||    27

Table legend:
 A = Non-vault XP
 B = Vault XP
 C = Vault XP percentage of total XP
 D = Non-vault monster count
 E = Vault monster count
 F = Vault count percentage of total count
                 A         B        C        D         E       F
            +---------+---------+-------+---------+---------+-------
      Total |      35 |       0 |   0.0 |      17 |       0 |   0.0
            +---------+---------+-------+---------+---------+-------
        D:1 |      25 |       0 |   0.0 |      14 |       0 |   0.0
        D:2 |      10 |       0 |   0.0 |       3 |       0 |   0.0
            +---------+---------+-------+---------+---------+-------
